 Dungeon Crawl Stone Soup version 0.29.1-15-g9cfb28693d (webtiles) character file.

Game seed: 14322427437818843099

2408 H0rd4k the Martial Artist (level 9, -5/61 (62) HPs)
             Began as an Octopode Artificer on Apr 11, 2023.
             Slain by a wight
             ... wielding a +1 falchion of freezing
              (12 damage)
             ... on level 7 of the Dungeon.
             The game lasted 00:08:53 (9319 turns).

H0rd4k the Martial Artist (Octopode Artificer)      Turns: 9319, Time: 00:08:53

HP:   -5/61 (62)    AC:  1    Str: 11    XL:     9   Next: 47%
MP:   16/16         EV: 13    Int: 18    God:
Gold: 356           SH:  0    Dex: 12    Spells: 17/17 levels left

rFire   + . .      SeeInvis .     - Unarmed
rCold   x . .      Faith    .   (no shield)
rNeg    . . .      Spirit   .   (helmet restricted)
rPois   .          Reflect  .   (no amulet)
rElec   .          Harm     .   l - ring of fire
rCorr   .          Rampage  .   (no ring)
Will    .....                   (no ring)
Stlth   +++.......              (no ring)
HPRegen 0.20/turn               (no ring)
MPRegen 0.15/turn               (no ring)
                                (no ring)
                                (no ring)

@: lightly drained
A: almost no armour, amphibious, 8 rings, camouflage 1, gelatinous body 1,
(nimble swimmer 1), tentacles
a: no special abilities


You were on level 7 of the Dungeon.
You visited 1 branch of the dungeon, and saw 7 of its levels.

You collected 356 gold pieces.

Inventory:

Hand Weapons
 b - a +4 dagger
Missiles
 v - 3 poisoned darts (quivered)
Armour
 c - an orb of mayhem
Jewellery
 l - a ring of fire (left tentacle)
 w - a ring of fire
Wands
 n - a wand of roots (2)
 o - a wand of light (4)
 y - a wand of digging (3)
Scrolls
 a - 2 scrolls of enchant weapon {unknown}
 d - a scroll of vulnerability {unknown}
 i - a scroll of blinking {unknown}
 j - 4 scrolls of teleportation
 k - a scroll of fear {unknown}
 m - 2 scrolls of fog {unknown}
 p - 2 scrolls of identify {unknown}
 s - 2 scrolls of noise {unknown}
 t - a scroll of summoning {unknown}
 u - a scroll of amnesia {unknown}
 C - a scroll of torment {unknown}
Potions
 e - 3 potions of heal wounds {unknown}
 f - 2 potions of curing
 g - 2 potions of might
 h - a potion of degeneration {unknown}
 q - a potion of flight {unknown}
 r - a potion of cancellation {unknown}
 x - 2 potions of attraction {unknown}
 z - 3 potions of mutation {unknown}
 A - 2 potions of haste {unknown}
 B - a potion of brilliance {unknown}
 D - a potion of invisibility {unknown}


   Skills:
 * Level 6.1 Fighting
 + Level 3.2 Throwing
 - Level 2.3 Dodging
 - Level 1.3 Stealth
 + Level 8.5 Unarmed Combat
 * Level 4.8 Spellcasting
 - Level 3.2 Evocations


You had 17 spell levels left.
You didn't know any spells.
Your spell library contained the following spells:

 Spells                   Type           Power      Damage    Failure   Level
 Beastly Appendage        Tmut           8%         N/A       14%         1
 Ensorcelled Hibernation  Hex/Ice        8%         N/A       21%         2
 Passwall                 Tmut/Erth      3%         N/A       21%         2
 Wereblood                Tmut           4%         N/A       21%         2
 Spider Form              Tmut/Pois      4%         N/A       38%         3
 Swiftness                Air            4%         N/A       38%         3
 Anguish                  Hex/Necr       2%         N/A       80%         4


Dungeon Overview and Level Annotations

Branches:
Dungeon (7/15)
 Temple: D:4-7

Altars:
Fedhas
Kikubaaqudgha
Uskayaw
Zin

Shops:
D:3 ?

Annotations:
D:3 1 runed translucent door, exclusions: door and 2 downstairs, vvl's ghost, amateur GrFi
D:4 Edmund
D:5 exclusion: 2 downstairs
D:6 exclusion: ice beast
D:7 exclusion: orc warrior


Innate Abilities, Weirdness & Mutations

You cannot wear most types of armour.
You are amphibious.
You can wear up to eight rings at the same time.
Your skin changes colour to match your surroundings (Stealth+).
Your rubbery body absorbs attacks. (AC +1, EV +1)
((You are camouflaged when in or above water. (Stealth+)))
You have tentacles for arms and can constrict up to eight enemies at once.


Message History

You constrict the wight, but do no damage.
You barely miss the wight.
You squeeze the wight, but do no damage.
The wight is severely damaged.
You constrict the wight. The wight barely misses you.
You tentacle-slap the wight.
You destroy the wight!
Your life force feels restored.
A wight comes into view. It is wielding a +0 morningstar.
There is an open door here.
Things that are here:
a +0 falchion; a +0 robe A wight is nearby!
Found 9 gold pieces.
A wight comes into view.
It is wielding a +1 falchion of freezing.
The wight hits you with a +0 morningstar!
You tentacle-slap the wight. You grab the wight. You squeeze the wight.
The wight is heavily damaged.
You constrict the wight.
The wight hits you with a +0 morningstar!
You feel drained.
You tentacle-slap the wight but do no damage.
The wight is severely damaged.
You constrict the wight, but do no damage.
The wight misses you. x2
You bludgeon the wight!
You destroy the wight!
The wight hits you with a +1 falchion of freezing!
* * * LOW HITPOINT WARNING * * *
You feel drained.
* * * LOW HITPOINT WARNING * * *
The wight freezes you.
* * * LOW HITPOINT WARNING * * *
Aiming: Fastroot
Press: ? - help, Shift-Dir - straight line The roots erupt in riotous growth!
Roots grab the wight.
The grasping roots constrict the wight.
The wight hits you with a +1 falchion of freezing!
You die...

..........#+#####.#
#.....?.......# #.#
######....##.......###.#
####....#...)....<.........
#...............#......##+#
#...................##.....
#................#####.....
#.........#z#..............
#.........@).....####......
#.............#.... #......
###+##)#.....# ... #......
###.##.#....$# #.##......
#......#.....# #.........
#......###+#.#...#..##....
#......# ..#.#.. #.......#
#...)..#.#...#. #.##.....
#......#.#.#.+ #)# ####.


You could see a wight (rooted).

Vanquished Creatures
  Pikel (D:4)
  2 water moccasins
  2 centaurs
  A kobold brigand (D:6)
  2 bullfrogs (D:5)
  4 scorpions (D:5)
  A gnoll sergeant (D:6)
  2 necrophages
  5 wights
  A hound (D:5)
  2 jellies
  An orc priest (D:4)
  A gnoll bouda (D:5)
  5 iguanas (D:5)
  5 orc wizards
  15 gnolls
  6 adders
  2 worms
  A dart slug (D:2)
  9 orcs
  6 ball pythons
  4 bats (D:1)
  8 endoplasms
  3 giant cockroaches (D:1)
  6 goblins
  8 hobgoblins
  6 jackals (D:1)
  6 kobolds
  3 quokkas
  2 frilled lizards
  A rat (D:2)
121 creatures vanquished.

Vanquished Creatures (collateral kills)
  Robin (D:4)
  An adder (D:3)
  An orc (D:4)
  2 goblins (D:4)
  2 hobgoblins
  A ball python (D:4)
8 creatures vanquished.

Vanquished Creatures (others)
  A hound (D:6)
  A hobgoblin (D:4)
  A fungus (D:2)
3 creatures vanquished.

Grand Total: 132 creatures vanquished

Notes
Turn   | Place    | Note
-------+----------+-------------------------------------------
     0 | D:1      | H0rd4k the Octopode Artificer began the quest for the Orb.
     0 | D:1      | Reached XP level 1. HP: 13/13 MP: 1/1
   107 | D:1      | Reached XP level 2. HP: 1/18 MP: 1/3
   704 | D:1      | Reached skill level 1 in Spellcasting
  1121 | D:1      | Reached XP level 3. HP: 22/24 MP: 4/4
  1508 | D:2      | HP: 1/24 [poisoned by an adder]
  1845 | D:2      | Reached skill level 1 in Unarmed Combat
  2254 | D:2      | Reached XP level 4. HP: 3/30 MP: 6/6
  2756 | D:2      | Found a faded altar of an unknown god.
  3222 | D:3      | Noticed a necrophage
  3266 | D:3      | Killed a necrophage
  3267 | D:3      | Reached skill level 2 in Unarmed Combat
  3267 | D:3      | Reached XP level 5. HP: 9/36 MP: 6/8
  3627 | D:3      | Found an ancient bone altar of Kikubaaqudgha.
  3660 | D:3      | Found a hide-covered altar of Uskayaw.
  3746 | D:3      | Found a runed translucent door.
  3747 | D:3      | Noticed vvl's ghost (amateur GrFi)
  3844 | D:3      | Found Kanlounu's Magic Scroll Emporium.
  4219 | D:4      | Noticed Edmund
  4247 | D:4      | Noticed a lemure
  4249 | D:4      | Noticed a lemure
  4251 | D:4      | Noticed a lemure
  4252 | D:4      | Noticed Pikel
  4303 | D:3      | Reached skill level 3 in Unarmed Combat
  4362 | D:4      | Noticed a lemure
  4369 | D:4      | Noticed Robin
  4372 | D:4      | Killed Robin
  4960 | D:4      | Found a glowing silver altar of Zin.
  5321 | D:4      | Reached XP level 6. HP: 38/42 MP: 9/9
  5341 | D:4      | Reached skill level 4 in Unarmed Combat
  5569 | D:4      | Killed Pikel
  5570 | D:4      | Reached skill level 5 in Unarmed Combat
  5570 | D:4      | Reached XP level 7. HP: 47/49 MP: 9/12
  6002 | D:5      | Entered Level 5 of the Dungeon
  6194 | D:5      | Reached skill level 6 in Unarmed Combat
  6194 | D:5      | Reached XP level 8. HP: 33/54 MP: 13/13
  6593 | D:5      | Reached skill level 5 in Fighting
  7114 | D:5      | Reached skill level 1 in Throwing
  7114 | D:5      | Reached skill level 7 in Unarmed Combat
  7532 | D:5      | Found a blossoming altar of Fedhas.
  8039 | D:5      | Reached XP level 9. HP: 7/62 MP: 15/15
  8445 | D:6      | Reached skill level 8 in Unarmed Combat
  9319 | D:7      | Slain by a wight

Illustrated notes

Levels and vault maps discovered:
D:1:      psy_arrival_spokes, layout_loops_corners
D:2:      layout_basic, shapermc_ecumenical_altar_acropolis
D:3:      layout_loops_cross, marbit_many_paths, mainiacjoe_overflow_alcove_2,
          serial_shops, nicolae_lakefront_shop, ebering_ghost_inner_flame
D:4:      layout_basic, amcnicky_altar_gilded, minmay_misc_feat_more_columns,
          uniq_edmund, uniq_pikel, uniq_robin
D:5:      layout_rooms, nicolae_overflow_hidden_temple
D:6:      layout_cave_pools, serial_shops, kennysheep_little_box,
          minmay_fractal_squares_5
D:7:      layout_basic, minmay_temple_entry_glass, uniq_menkaure

Skill      XL: |  1  2  3  4  5  6  7  8  9 |
---------------+----------------------------+-----
Spellcasting   | 1 2 3 4 |  4.8
Fighting       | 2 3 4 5 6 |  6.1
Unarmed Combat | 1 2 3 5 6 7 8 |  8.5
Throwing       | 2 3 |  3.2
Dodging        | |  2.3
Stealth        | |  1.3
Evocations     | |  3.2

Action                   |  1- 3 |  4- 6 |  7- 9 || total
-------------------------+-------+-------+-------++-------
Melee: Unarmed           |   115 |    89 |   150 ||   354
       Constrict         |    26 |    14 |    42 ||    82
       Tentacles         |    19 |    21 |    55 ||    95
       Punch             |     1 |     1 |    10 ||    12
Throw: Dart              |       |       |    30 ||    30
Evoke: Wand              |       |    33 |    13 ||    46
  Use: Potion            |       |     1 |     1 ||     2
       Scroll            |       |       |     1 ||     1
 Stab: Sleeping          |     9 |     5 |     1 ||    15
       Invisible         |       |       |     1 ||     1
Armor: Skin              |    22 |     3 |     8 ||    33
Dodge: Dodged            |    66 |    68 |    86 ||   220
